Map: Bridgehead LE (Void)

Players

RedRyder - Winner!

  • Race: Terran Terran
  • League: Silver

Toons

  • Race: Protoss Protoss
  • League: Silver

VOD

Have the link to the VOD?

Description

Time

  • Played on: Aug. 4, 2015, 7:15 p.m.
  • Length: 7:13
Show
View Real Time Build Order
Export as new Build Order

RedRyder Terran - Winner!

Build Orders: Command Center First (CC) 

Get SALT Encoding   

  12  0:01  SCV  
  13  0:13  SCV  
  14  0:18  Supply Depot  
  14  0:25  SCV  
  15  0:40  SCV  
  16  0:52  SCV  
  17  1:04  SCV  
  18  1:11  Command Center  
  18  1:17  Barracks  
  18  1:22  SCV  
  19  1:32  Barracks  
  19  1:35  SCV  
  20  1:46  Barracks  
  20  1:48  SCV  
  21  2:01  Refinery  
  21  2:04  Refinery  
  21  2:06  Marine  
  22  2:12  Supply Depot  
  22  2:21  Orbital Command  
  22  2:24  Marine  
  23  2:35  Orbital Command  
  23  2:39  Barracks Tech Lab  
  23  2:46  Barracks Reactor  
  24  2:56  SCV  
  24  2:59  Barracks Reactor  
  24  3:01  Marauder  
  24  3:03  SCV  
  27  3:10  SCV  
  28  3:15  SCV  
  28  3:16  Stimpack  
  29  3:22  SCV  
  29  3:24  Marine x2, Marauder  
  34  3:27  SCV  
  35  3:34  SCV  
  35  3:36  Supply Depot  
  35  3:38  Marine  
  35  3:39  SCV, Marine  
  39  3:42  Marine  
  39  3:45  Marine, Marauder  
  39  3:46  SCV  
  44  3:59  Marine  
  44  4:00  Marine  
  45  4:03  SCV x2  
  47  4:15  SCV x2, Marauder, Marine x2  
  51  4:17  Marine x2  
  53  4:25  Engineering Bay  
  53  4:27  SCV, Engineering Bay  
  54  4:34  Factory  
  54  4:36  Supply Depot  
  54  4:39  Supply Depot  
  54  4:53  Terran Infantry Weapons Level 1  
  54  4:57  SCV x2, Terran Infantry Armor Level 1, Marine x4  
  60  5:01  Marauder  
  60  5:06  Supply Depot  
  62  5:09  SCV x2  
  64  5:15  Marine x4  
  64  5:17  Concussive Shells  
  64  5:20  Starport  
  68  5:21  SCV  
  68  5:22  SCV  
  72  5:28  Marauder  
  72  5:30  Supply Depot  
  72  5:32  Marine x2  
  72  5:33  SCV, Marine x2  
  72  5:34  SCV  
  78  5:42  Supply Depot  
  78  5:51  SCV x2, Marauder, Factory Reactor, Marine x3  
  78  5:54  Supply Depot  
  81  5:58  Medivac  
  81  6:03  SCV x2  
  85  6:05  Supply Depot  
  83  6:15  SCV x2  
  83  6:17  Marauder, Marine x3  
  83  6:18  Marine  
  81  6:35  Marine x3  
  81  6:39  Marauder  
  81  6:41  Marine  
  82  6:50  SCV  
  82  6:53  SCV, Marine  
Show
View Real Time Build Order
Export as new Build Order

Toons Protoss 

Build Orders:  

Get SALT Encoding   

  12  0:01  Probe  
  13  0:13  Probe  
  14  0:20  Pylon  
  14  0:31  Assimilator  
  14  0:38  Probe (Chrono Boost)  
  15  0:44  Gateway  
  15  0:48  Probe (Chrono Boost)  
  16  0:55  Probe  
  17  1:07  Probe (Chrono Boost)  
  18  1:12  Pylon  
  18  1:17  Probe (Chrono Boost)  
  19  1:23  Assimilator  
  19  1:27  Probe  
  19  1:32  Cybernetics Core  
  20  1:39  Probe  
  21  1:43  Gateway  
  21  1:55  Probe  
  22  2:08  Warp Gate (Chrono Boost)  
  22  2:10  Probe  
  22  2:11  Adept (Chrono Boost)  
  25  2:18  Pylon  
  25  2:24  Probe  
  26  2:31  Adept x2  
  26  2:36  Probe  
  31  2:49  Probe, Pylon  
  32  2:58  Adept x2  
  36  3:22  Nexus  
  36  3:35  Probe  
  36  3:40  Forge  
  37  3:41  Pylon  
  37  3:47  Probe  
  38  3:53  Adept x2  
  42  4:01  Probe  
  41  4:20  Adept x2  
  45  4:29  Probe  
  46  4:35  Protoss Ground Weapons Level 1 (Chrono Boost)  
  46  4:39  Probe  
  46  4:42  Probe  
  46  4:44  Assimilator  
  48  4:46  Assimilator  
  48  4:51  Probe  
  49  4:54  Mothership Core, Zealot x2  
  55  5:02  Pylon  
  55  5:03  Probe  
  55  5:05  Robotics Facility  
  56  5:15  Probe x2  
  58  5:21  Pylon  
  58  5:23  Pylon  
  58  5:26  Sentry x2  
  58  5:27  Probe  
  63  5:30  Probe  
  64  5:39  Probe  
  65  5:45  Probe  
  66  5:51  Probe  
  67  6:09  Stalker x2  
Tags
 
Add a new tag
Caveats
  • Supply blocks, unpowered buildings, or Contaminate may cause inaccurate times.
  • Supply counts are checked every 10 seconds.